 Dungeon Crawl Stone Soup version 0.22.1-2-g9c5b331383 (webtiles) character file.

35 Gargoyl the Skirmisher (level 3, -10/31 HPs)
             Began as a Centaur Abyssal Knight on Dec 24, 2018.
             Was a Follower of Lugonu.
             Mangled by Sigmund
             ... wielding a +0 scythe of freezing
              (12 damage)
             ... on level 2 of the Dungeon.
             The game lasted 00:02:10 (1480 turns).

Gargoyl the Skirmisher (Centaur Abyssal Knight)     Turns: 1480, Time: 00:02:11

Health: -10/31     AC:  8    Str: 14    XL:     3   Next: 17%
Magic:  4/4        EV:  9    Int: 11    God:    Lugonu [*.....]
Gold:   82         SH:  0    Dex:  9    Spells: 2/2 levels left

rFire    . . .     SeeInvis .   a - +1 hand axe
rCold    . . .     Gourm    .   (no shield)
rNeg     . . .     Faith    .   d - +3 leather armour
rPois    .         Spirit   .   (no helmet)
rElec    .         Reflect  .   (no cloak)
rCorr    .         Harm     .   h - +0 pair of gloves
MR       .....                  (no barding)
Stlth    ..........             (no amulet)
HPRegen  0.10/turn              (no ring)
MPRegen  0.09/turn              (no ring)

@: very quick
A: large, hooves 3, deformed body, speed 2, tough skin 3
a: Depart the Abyss, Renounce Religion


You were on level 2 of the Dungeon.
You worshipped Lugonu.
Lugonu was aware of your devotion.
You were not hungry.

You visited 1 branch of the dungeon, and saw 2 of its levels.
You visited the Abyss 1 time.

You collected 82 gold pieces.

Inventory:

Hand Weapons
 a - a +1 hand axe (weapon)
Armour
 d - a +3 leather armour (worn)
 h - a +0 pair of gloves (worn)
Scrolls
 b - 4 scrolls of identify {unknown}
 f - 2 scrolls of random uselessness {unknown}
Potions
 e - a potion of lignification
 g - a potion of heal wounds
Comestibles
 c - 6 rations


   Skills:
 + Level 3.5 Fighting
 + Level 2.3 Axes
 * Level 1.5 Armour
 + Level 0.7 Dodging
 * Level 2.4 Invocations


You had 2 spell levels left.
You didn't know any spells.
Your spell library was empty.

Dungeon Overview and Level Annotations

Branches:
Dungeon (2/15)

Altars:

Annotations:
D:2 Sigmund


Innate Abilities, Weirdness & Mutations

You have hooves in place of feet.
Armour fits poorly on your strangely shaped body.
You cover ground very quickly.
You have extremely tough skin. (AC +3)


Message History

You barely miss something. Something hits you but does no damage.
You barely miss something. Something hits you but does no damage.
You barely miss something.
You feel less wooden.
Your +0 pair of gloves unmelds from your body.
Your +3 leather armour unmelds from your body.
Something hits you! Something freezes you.
You closely miss something. You hit something but do no damage.
Something hits you. Something freezes you.
* * * LOW HITPOINT WARNING * * *
You miss something. Something hits you but does no damage.
Your leather armour prevents you from hitting something.
You kick something!
You hear some strange, mumbled words.
A magic dart appears from out of thin air!
The magic dart hits you!
* * * LOW HITPOINT WARNING * * *
Unknown command.
You hit something. Something hits you!
You die...

........#.....).##..(.#.##
........#.......##....)..#
........#................#
......................(..#
.........................#
...................#.....#
.............#######..#.##
.).#.........#...{......#
...#.........#..@.......#
...#.........#..........#
...
####.........#..........#
... #..........#########.#
..@ #..........# #># ...
#...##.....# #.# $w.
#...##.....# #.# ...
#...##.....# #.# ...
#...##.....# #.#


There were no monsters in sight!

Vanquished Creatures
  An adder (D:2)
  A worm (D:2)
  3 giant cockroaches (D:1)
  5 goblins
  A hobgoblin (D:1)
  3 jackals (D:1)
  4 kobolds (D:2)
  A bat (D:1)
  A frilled lizard (D:1)
  3 rats
23 creatures vanquished.

Notes
Turn   | Place    | Note
-------+----------+-------------------------------------------
     0 | Abyss:1  | Gargoyl the Centaur Abyssal Knight began the quest for the
                  | Orb.
     0 | Abyss:1  | Reached XP level 1. HP: 19/19 MP: 2/2
    51 | Abyss:1  | Noticed a sixfirhy
    54 | Abyss:1  | Noticed a large abomination
   100 | Abyss:1  | Found a corrupted altar of Lugonu.
   102 | Abyss:1  | Noticed a small abomination
   118 | Abyss:1  | Noticed an ancient lich
   118 | D:1      | Escaped the Abyss
   398 | D:1      | Reached XP level 2. HP: 15/26 MP: 3/3
  1071 | D:2      | Reached * piety under Lugonu
  1071 | D:2      | Reached XP level 3. HP: 30/31 MP: 4/4
  1378 | D:2      | Noticed Sigmund
  1480 | D:2      | Mangled by Sigmund

Skill      XL: |  1 |
---------------+----+-----
Axes           | 2 |  2.3
Fighting       | |  3.5
Armour         | |  1.5
Dodging        | |  0.7
Invocations    | |  2.4

Action                   || total
-------------------------++-------
Melee: Hand axe          ||    96
       Kick              ||     7
Invok: Depart the Abyss  ||     1
  Use: Scroll            ||     1
       Potion            ||     3
  Eat: Chunk             ||     1
Armor: Leather armour    ||    34
       Skin              ||    16
Dodge: Dodged            ||    51
